 Dungeon Crawl Stone Soup version 0.30-b1-2-g02819fbbbe (webtiles) character file.

Game seed: 15491977156797069370

(classic levelgen) 189 EnegeticOcto the Chopper (level 5, -1/47 HPs)
             Began as a Minotaur Fighter on May 9, 2023.
             Killed from afar by an orc wizard (3 damage)
             ... with a puff of flame
             ... on level 3 of the Dungeon.
             The game lasted 00:01:28 (1799 turns).

EnegeticOcto the Chopper (Minotaur Fighter)         Turns: 1799, Time: 00:01:28

Health: -1/47      AC:  9    Str: 22    XL:     5   Next: 40%
Magic:  4/4        EV:  8    Int:  5    God:
Gold:   106        SH:  5    Dex: 16    Spells: 4/4 levels left

rFire   . . .        a - +0 war axe
rCold   . . .        c - +0 buckler
rNeg    . . .        s - +0 chain mail
rPois   .            (helmet restricted)
rElec   .            (no cloak)
rCorr   .            (no gloves)
SInv    .            (no boots)
Will    .....        (no amulet) Stlth
                     k - +6 ring of dexterity
HPRegen 0.27/turn    (no ring)
MPRegen 0.09/turn

%: no passive effects
@: no status effects
A: horns 2, retaliatory headbutt
a: no special abilities


You were on level 3 of the Dungeon.
You visited 1 branch of the dungeon, and saw 3 of its levels.

You collected 106 gold pieces.

Inventory:

Hand Weapons
 a - a +0 war axe (weapon)
Armour
 b - a +0 scale mail
 c - a +0 buckler (worn)
 s - a +0 chain mail (worn)
   (You found it on level 3 of the Dungeon)
Jewellery
 k - a +6 ring of dexterity (left hand)
   (You found it on level 1 of the Dungeon)
 p - an amulet of faith
   (You found it on level 2 of the Dungeon)
Wands
 u - a wand of mindburst (9)
   (You took it off Ijyb on level 3 of the Dungeon)
Scrolls
 e - a scroll of noise {unknown}
 g - 2 scrolls of fog {unknown}
 i - a scroll of silence {unknown}
 j - 3 scrolls of identify {unknown}
 n - a scroll of blinking {unknown}
 r - a scroll of torment {unknown}
Potions
 d - a potion of might {@q3}
 f - 3 potions of brilliance {unknown}
 h - a potion of resistance {unknown}
 l - a potion of curing {unknown}
 m - a potion of berserk rage {unknown}
 o - 2 potions of degeneration {unknown}
 q - a potion of mutation {unknown}
 t - a potion of lignification {unknown}
 v - a potion of magic {unknown}


   Skills:
 + Level 4.6 Fighting
 * Level 4.7 Axes
 + Level 4.6 Armour
 + Level 4.6 Shields


You had 4 spell levels left.
You didn't know any spells.
Your spell library was empty.

Dungeon Overview and Level Annotations

Branches:
Dungeon (3/15)

Altars:
Kikubaaqudgha
Nemelex Xobeh

Shops:
D:1 [


Innate Abilities, Weirdness & Mutations

You have a pair of horns on your head.
You reflexively headbutt those who attack you in melee.


Message History

You kill the gnoll!
The orc hits you but does no damage.
You hit the gnoll but do no damage. The orc hits you but does no damage.
You block the gnoll's attack.
The orc wizard gestures wildly while chanting.
The orc wizard flickers and vanishes!
Deactivating autopickup; reactivate with Ctrl-A.
You completely miss the gnoll. The orc barely misses you.
You block the gnoll's attack.
You closely miss the gnoll. Your headbutt misses the gnoll.
The orc closely misses you. The gnoll hits you with a +0 flail. x2
The gnoll hits you with a +0 club. The orc hits you but does no damage.
You hit the gnoll.
The gnoll is lightly wounded.
You closely miss the gnoll. The orc barely misses you.
The gnoll hits you with a +0 club. The gnoll hits you with a +0 flail.
You barely miss the gnoll.
The gnoll is lightly wounded.
You hit the gnoll.
The orc hits you from afar with a +0 trident.
You block the gnoll's attack. The gnoll hits you with a +0 flail.
You are too injured to fight recklessly!
You are too injured to fight recklessly!
You are too injured to fight recklessly!
You are too injured to fight recklessly!
You are too injured to fight recklessly!
You are too injured to fight recklessly!
You are too injured to fight recklessly!
You are too injured to fight recklessly!
You are too injured to fight recklessly!
You are too injured to fight recklessly!
You hit the gnoll.
The gnoll is severely wounded.
You slash the gnoll!
You kill the gnoll!
The orc barely misses you. You block the gnoll's attack.
Something hits you but does no damage. The gnoll hits you with a +0 flail.
The orc hits you from afar with a +0 trident.
You slash the gnoll!
You kill the gnoll!
You barely miss something. You block the orc's attack. Something hits you.
You closely miss the orc. Your headbutt misses the orc. You miss something.
The orc closely misses you. Something hits you but does no damage.
The orc hits you but does no damage.
You hit the orc.
The orc is severely wounded.
You miss something.
The orc hits you from afar with a +0 trident!
* * * LOW HITPOINT WARNING * * *
You hear some strange, mumbled words.
You are confused.
The orc barely misses you. The orc misses you.
Something hits you but does no damage. The orc barely misses you.
You bump into the rock wall.
The orc hits you from afar with a +0 trident.
* * * LOW HITPOINT WARNING * * *
Something hits you but does no damage. The orc closely misses you.
Something hits you but does no damage.
You slash the orc!
You kill the orc!
You feel less confused. The orc barely misses you.
You hear some strange, mumbled words.
You are confused.
The orc hits you but does no damage.
You closely miss the orc. You closely miss something.
The orc hits you but does no damage. Something hits you.
* * * LOW HITPOINT WARNING * * *
You slash the orc!
You kill the orc!
You hit something. Something hits you but does no damage.
Things that are here:
a +0 short sword; a +0 leather armour Something hits you but does no damage.
You're too confused to move!
An orc wizard appears from thin air!
Reactivating autopickup.
The orc wizard barely misses you.
You hit the orc wizard.
The orc wizard is moderately wounded.
You feel less confused.
The orc wizard hits you with a +0 dagger.
* * * LOW HITPOINT WARNING * * *
The orc wizard closely misses you.
You closely miss the orc wizard.
The orc wizard is moderately wounded.
The orc wizard hits you but does no damage.
You barely miss the orc wizard.
The orc wizard is moderately wounded.
The orc wizard points at you and mumbles some strange words.
The magic dart hits you.
* * * LOW HITPOINT WARNING * * *
You hit the orc wizard but do no damage.
Your headbutt misses the orc wizard.
The orc wizard is moderately wounded.
The orc wizard hits you but does no damage. x2
You closely miss the orc wizard.
The orc wizard is moderately wounded.
The orc wizard casts a spell at you. The puff of flame hits you.
You die...

### #####.# ..#
#...... #.######......
#.##......#### ###
#.##.###....# #..
#.##.###..#.##
##.###.##.##.......
#.##...##.##.##...⌠..~
+....@)........†#....~
###...o....#....##...~
#.....)###.##.#.##...~
#.#.#..# #.##...#..~~~
# #.#..# #.###..#.~...
#.#..# #(# #..#._... #
##.# #.# ##.#....# ..#
#.# #.###### ..
#.....).


You could see an orc wizard.

Vanquished Creatures
  Ijyb (D:3)
  8 gnolls (D:3)
  An adder (D:3)
  3 dart slugs
  3 orcs (D:3)
  5 bats
  10 endoplasms
  3 giant cockroaches
  8 goblins (D:1)
  5 hobgoblins
  4 kobolds
  3 quokkas
  6 ball pythons
  3 frilled lizards
  5 rats
68 creatures vanquished.

Notes
Turn   | Place    | Note
-------+----------+-------------------------------------------
     0 | D:1      | EnegeticOcto the Minotaur Fighter began the quest for the
                  | Orb.
     0 | D:1      | Reached XP level 1. HP: 19/19 MP: 0/0
    91 | D:1      | Found Xeedy's Armour Shoppe.
   105 | D:1      | Reached XP level 2. HP: 27/27 MP: 1/1
   148 | D:1      | You fall into a shaft and drop 1 floor!
   282 | D:1      | Reached XP level 3. HP: 33/33 MP: 2/2
  1170 | D:2      | Identified the +0 robe "Aremodif" {rPois rN+ Will+}
  1172 | D:2      | Found a faded altar of an unknown god.
  1285 | D:3      | Reached XP level 4. HP: 36/40 MP: 3/3
  1527 | D:3      | Found a sparkling altar of Nemelex Xobeh.
  1591 | D:3      | Found an ancient bone altar of Kikubaaqudgha.
  1639 | D:3      | Noticed Ijyb
  1648 | D:3      | Killed Ijyb
  1649 | D:3      | Reached XP level 5. HP: 20/47 MP: 4/4
  1797 | D:3      | HP: 2/47 [orc wizard/magic dart (4)]
  1799 | D:3      | Killed from afar by an orc wizard

Illustrated notes

Levels and vault maps discovered:
D:1:      dpeg_arrival_yet_another_circle, layout_basic, serial_shops,
          nicolae_shop_tiny_statue_garden
D:2:      layout_basic, serial_shops, shop, dilly_ecumenical_altar_fadedgnrine,
          bh_walls_and_bars
D:3:      layout_loops_corners, gammafunk_temple_overflow_arena,
          kiku_gazebo_pond_becter, lemuel_round_altar, uniq_ijyb

Skill      XL: |  1  2  3  4 |
---------------+-------------+-----
Axes           | 3 4 |  4.7
Fighting       | 4 |  4.6
Armour         | 4 |  4.6
Shields        | 4 |  4.6

Action                     |  1- 3 |  4- 6 || total
---------------------------+-------+-------++-------
  Melee: War axe           |    91 |    45 ||   136
         Headbutt          |    10 |     6 ||    16
 Armour: Scale mail        |    42 |       ||    42
         Chain mail        |       |    32 ||    32
  Dodge: Dodged            |    44 |    18 ||    62
  Block: Buckler           |    19 |    11 ||    30
